AoeStats
← Legolas

Coastal Forest

510857911Analyzed
4v4 RM · 9h ago on Oct 2, 2026· 68m 56s· 8 players
Game mode
Random Map
Map size
Large (8 player)
Population
200
Speed
Normal
Resources
Standard
Victory
Conquest
Starting age
Dark Age
Ending age
Imperial Age
RankedLock teamsTeams togetherTeam positionsShared explorationLock speedFull tech treeHidden civsTurbo modeCheats
Victory
Defeat
🇵🇱 Khmer · Poland
976
+27
🇵🇱 Japanese · Poland
858
+16
🇵🇱 Danes · Poland
829
+17
🇵🇱 Huns · Poland
822
+17
🇨🇴 Armenians · Colombia
912
-18
🇮🇪 Franks · Ireland
844
-15
🇦🇷 Huns · Argentina
825
-14
🇹🇷 Britons · Türkiye
819
-14
Tzun Txico
2:29 Loom
11:56 Feudal Age
13:59 Double-Bit Axe
21:39 Castle Age
25:03 Husbandry
27:51 Scale Barding Armor
32:50 Forging
43:20 Iron Casting
42:54 Pikeman
43:36 Squires
45:39 Bow Saw
48:52 Caravan
52:56 Imperial Age
51:30 Fletching
Legolas
12:40 Feudal Age
11:00 Loom
13:31 Double-Bit Axe
15:23 Wheelbarrow
16:24 Man-at-Arms
18:44 Arson
18:20 Long Swordsman
23:34 Scale Mail Armor
25:20 Forging
Ñorda
1:35 Loom
2:41 Loom
10:45 Feudal Age
13:10 Horse Collar
13:19 Double-Bit Axe
22:06 Castle Age
20:51 Forging
20:31 Fletching
22:23 Stone Mining
22:27 Gold Mining
22:33 Fletching
22:44 Padded Archer Armor
22:51 Scale Barding Armor
25:52 Wheelbarrow
26:43 Ballistics
27:09 Thumb Ring
27:29 Bodkin Arrow
29:41 Leather Archer Armor
30:01 Iron Casting
29:48 Chain Barding Armor
29:52 Squires
33:03 Gold Shaft Mining
34:37 Hand Cart
36:01 Leather Archer Armor
36:22 Iron Casting
39:34 Scale Mail Armor
39:55 Chain Barding Armor
42:46 Pikeman
46:14 Imperial Age
45:15 Arson
48:20 Chemistry
47:05 Halberdier
49:19 Parthian Tactics
49:09 Heavy Plow
55:33 Blast Furnace
55:09 Plate Barding Armor
55:29 Cavalier
56:12 Husbandry
56:24 Bloodlines
56:39 Light Cavalry
57:37 Hussar
Carexes
10:42 Feudal Age
13:16 Horse Collar
16:19 Castle Age
18:13 Double-Bit Axe
20:27 Heavy Plow
25:34 Fletching
25:38 Pikeman
26:20 Squires
27:14 Bow Saw
27:18 Gambesons
28:50 Wheelbarrow
28:00 Town Watch
28:02 Loom
30:26 Hand Cart
30:11 Town Patrol
30:53 Bodkin Arrow
30:58 Padded Archer Armor
34:24 Imperial Age
31:57 Gold Mining
31:57 Stone Mining
32:40 Elite Skirmisher
34:23 Leather Archer Armor
34:19 Forging
35:03 Gold Shaft Mining
34:58 Scale Mail Armor
35:21 Ballistics
34:43 Treadmill Crane
34:35 Elite Longbowman
35:36 Conscription
35:20 Bracer
35:43 Elite Longbowman
36:49 Conscription
38:37 Two-Man Saw
38:09 Ring Archer Armor
38:15 Iron Casting
37:04 Halberdier
40:50 Yeomen
41:43 Chain Mail Armor
42:55 Plate Mail Armor
45:26 Blast Furnace
61:13 Caravan
61:43 Coinage
61:23 Guilds
jasper
0:30 Loom
12:29 Feudal Age
12:56 Double-Bit Axe
15:23 Wheelbarrow
15:41 Fishing Lines
18:22 Scale Mail Armor
21:05 Castle Age
19:26 Man-at-Arms
20:47 Forging
21:58 Long Swordsman
24:20 Hand Cart
28:31 Arson
29:46 Squires
30:18 Gillnets
30:30 Gambesons
38:41 Imperial Age
40:04 Iron Casting
39:45 Chain Mail Armor
40:12 Pikeman
40:21 Two-Handed Swordsman
42:05 Blast Furnace
42:33 Horse Collar
43:08 Bow Saw
43:33 Plate Mail Armor
44:56 Heavy Plow
44:39 Champion
47:17 Conscription
49:04 Elite Samurai
58:57 Kataparuto
66:18 Ballistics
66:06 Siege Engineers
65:26 Spies/Treason
MaCo67
12:49 Feudal Age
13:43 Double-Bit Axe
13:40 Horse Collar
23:02 Castle Age
24:11 Thumb Ring
26:45 Fletching
27:25 Loom
30:15 Imperial Age
27:56 Marauders
30:18 Bodkin Arrow
32:22 Bracer
34:42 Wheelbarrow
34:45 Padded Archer Armor
36:02 Bow Saw
35:56 Heavy Plow
36:14 Bloodlines
36:34 Ballistics
36:39 Husbandry
39:31 Murder Holes
42:36 Forging
42:32 Scale Barding Armor
43:44 Elite Tarkan
45:56 Iron Casting
45:42 Chain Barding Armor
45:18 Gold Mining
45:20 Stone Mining
46:35 Conscription
48:37 Blast Furnace
50:39 Chemistry
57:55 Plate Barding Armor
66:34 Spies/Treason
| XG | GAMBA. BIG YAHU
0:33 Loom
12:18 Feudal Age
12:50 Double-Bit Axe
13:03 Fishing Lines
15:19 Wheelbarrow
19:19 Castle Age
19:30 Arson
20:25 Bow Saw
21:12 Thumb Ring
24:04 Fletching
24:32 Hand Cart
26:09 Ballistics
27:25 Bodkin Arrow
27:49 Elite Skirmisher
36:57 Gillnets
44:02 Imperial Age
44:27 Clinker Construction
45:49 Chemistry
44:33 Northmen's Fury
47:06 Shipwright
51:51 Bracer
51:52 Padded Archer Armor
56:55 Leather Archer Armor
59:17 Elite Jomsviking
60:11 Forging
60:01 Scale Mail Armor
61:56 Conscription
60:57 Hamask
63:39 Capped Ram
64:52 Spies/Treason
66:59 Arson
67:15 Squires
67:01 Gambesons
Puzi
0:29 Loom
12:44 Feudal Age
13:15 Double-Bit Axe
13:14 Horse Collar
20:18 Castle Age
20:09 Wheelbarrow
20:09 Gold Mining
23:36 Bow Saw
25:25 Scale Barding Armor
27:22 Hand Cart
27:59 Heavy Plow
28:33 Town Watch
32:08 Bloodlines
32:01 Husbandry
32:19 Forging
33:40 Chain Barding Armor
33:55 Iron Casting
34:22 Gold Shaft Mining
38:21 Imperial Age
36:28 Stone Mining
39:11 Caravan
39:55 Stone Shaft Mining
39:55 Crop Rotation
40:17 Town Patrol
40:55 Plate Barding Armor
41:21 Blast Furnace
43:33 Elite Battle Elephant
47:26 Conscription
47:49 Tusk Swords
49:19 Double Crossbow
55:26 Fletching
55:36 Padded Archer Armor
59:29 Bodkin Arrow
59:49 Leather Archer Armor
68:35 Ring Archer Armor
68:05 Bracer
Connection lost

Rejoining the realm…

Still unreachable

The connection could not be restored.

Session expired

The server has moved on; the page needs a fresh start.